 Dungeon Crawl Stone Soup version 0.21.1-1-g345015fe64 (webtiles) character file.

72193 Jannitor the Fighter (level 15, -7/127 HPs)
             Began as a Demonspawn Enchanter on Mar 11, 2018.
             Mangled by an ice devil (15 damage)
             ... summoned by an orc high priest
             ... while paralysed by an orc sorcerer
             ... on level 2 of the Orcish Mines.
             The game lasted 01:18:19 (33269 turns).

Jannitor the Fighter (Demonspawn Enchanter)        Turns: 33269, Time: 01:18:20

Health: -7/127     AC: 13    Str:  8    XL:     15   Next: 0%
Magic:  27/27      EV:  2    Int: 22    God:    Xom [...*..]
Gold:   1682       SH:  0    Dex: 17    Spells: 9/27 levels left

rFire    . . .     SeeInvis +   i - +11 rapier of the Sun {flame, rN++ Str-4}
rCold    . . .     Gourm    .   H - +1 buckler {AC+3}
rNeg     + + .     Faith    .   C - +2 leather armour {rPois}
rPois    +         Spirit   .   (helmet restricted)
rElec    .         Reflect  .   Z - +1 cloak
rCorr    .         Harm     .   (gloves unavailable)
MR       +....                  I - +0 pair of boots
Stlth    ++++++++++             (no amulet)
HPRegen  0.31/turn              T - +3 ring of evasion
MPRegen  0.20/turn              U - ring of Shadows {Umbra +Inv Stlth+}

@: paralysed, very slightly contaminated, wreathed by umbra, invisible
(expiring)
A: claws 3, hooves 1, horns 1, rugged brown scales 3, see invisible, agile 2,
clever 1, deformed body, high mp 1, nightstalker 2, spiny 1, no potion heal 1,
subdued magic 1
a: Renounce Religion


You were on level 2 of the Orcish Mines.
You worshipped Xom.
You were a favourite toy of Xom.
You were very hungry.

You visited 4 branches of the dungeon, and saw 22 of its levels.
You also visited: Ice Cave.

You collected 2545 gold pieces.
You spent 863 gold pieces at shops.

Inventory:

Hand Weapons
 a - a +1 dagger of protection
 i - the +11 rapier of the Sun (weapon) {flame, rN++ Str-4}
   (You found it on level 9 of the Dungeon)

   It has been specially enchanted to burn those struck by it, causing extra
   injury to most foes and up to half again as much damage against particularly
   susceptible opponents.
   It affects your strength (-4).
   It greatly protects you from negative energy.
 p - a +0 dagger of venom
 L - a +2 dagger of pain
Missiles
 M - a throwing net (quivered)
Armour
 C - a +2 leather armour of poison resistance (worn)
 H - a +1 buckler of protection (worn)
 I - a +0 pair of boots (worn)
 Z - a +1 cloak (worn)
Jewellery
 j - an uncursed ring of resist corrosion {unknown}
 q - a +3 ring of intelligence
 s - an uncursed ring of flight
 y - an uncursed ring of positive energy
 R - an uncursed ring of protection from cold
 T - a +3 ring of evasion (left claw)
 U - the ring of Shadows (right claw) {Umbra +Inv Stlth+}
   (You bought it in a shop on level 4 of the Dungeon)

   [ring of stealth]

   It lets you turn invisible.
   It makes you more stealthy.
Wands
 b - a wand of disintegration (40)
 l - a wand of paralysis (18)
 o - a wand of clouds (4)
 t - a wand of scattershot (5)
 D - a wand of flame (59)
 K - a wand of iceblast (12)
 P - a wand of enslavement (8)
 Q - a wand of random effects (18)
 Y - a wand of polymorph (7)
Scrolls
 c - 3 scrolls of brand weapon
 f - 2 scrolls of teleportation
 g - 10 scrolls of identify
 h - 4 scrolls of fog
 k - 7 scrolls of remove curse
 x - a scroll of enchant armour
 F - 2 scrolls of immolation
 G - 3 scrolls of amnesia
 O - 2 scrolls of fear
 V - a scroll of magic mapping
Potions
 d - a potion of cancellation {unknown}
 e - 12 potions of curing
 n - a potion of ambrosia
 r - 8 potions of might
 u - 5 potions of resistance
 w - 6 potions of lignification
 z - 8 potions of heal wounds
 A - 3 potions of magic
 B - 2 potions of berserk rage
 E - 3 potions of mutation
 J - 2 potions of haste
 N - a potion of brilliance
 X - 3 potions of flight
Miscellaneous
 v - a phial of floods
Comestibles
 m - 28 rations


   Skills:
 + Level 11.3 Fighting
 + Level 10.6 Short Blades
 - Level 6.2 Armour
 - Level 5.1 Dodging
 - Level 9.8 Stealth
 + Level 5.0 Shields
 - Level 6.6 Spellcasting
 - Level 4.3 Conjurations
 - Level 9.4 Hexes
 + Level 7.5 Summonings
 - Level 2.7 Translocations
 - Level 1.6 Ice Magic
 - Level 3.4 Air Magic
 - Level 3.4 Poison Magic
 + Level 6.6 Evocations


You had 9 spell levels left.
You knew the following spells:

 Your Spells              Type           Power        Failure   Level  Hunger
a - Confusing Touch       Hex            #####.       1%          1    None
b - Ensorcelled Hibernat  Hex/Ice        ###...       1%          2    None
c - Confuse               Hex            #####...     1%          3    #......
d - Mephitic Cloud        Conj/Pois/Air  ###.....     6%          3    #......
e - Tukima's Dance        Hex            #####...     1%          3    #......
f - Summon Forest         Summ/Tloc      ###.......   32%         5    #####..
g - Apportation           Tloc           ##....       2%          1    None


Dungeon Overview and Level Annotations

Branches:
Dungeon (13/15)            Temple (1/1) D:6            Lair (6/6) D:11
 Shoals (0/4) Lair:3        Snake (0/4) Lair:2        Slime (0/5) Lair:5
    Orc (2/2) D:9             Elf (0/3) Orc:2        Vaults (0/5) D:13

Altars:
Ashenzari
Cheibriados
Dithmenos
Elyvilon
Fedhas
Gozag
Hepliaklqana
Kikubaaqudgha
Makhleb
Nemelex Xobeh
Okawaru
Qazlal
Ru
Sif Muna
Trog
Uskayaw
Vehumet
Wu Jian
Xom
Yredelemnul
Zin
The Shining One
Beogh

Shops:
D:4 *   D:7 *   Orc:2 !%

Annotations:
D:6 exclusion: wight
D:12 Harold


Innate Abilities, Weirdness & Mutations

You have claws for hands.
You are completely covered in rugged brown scales. (AC +3, +7% HP)
You are significantly more attuned to the shadows.
You are partially covered in sharp spines.
You have large cloven feet.
You have a pair of small horns on your head.
You have supernaturally acute eyesight. (SInv)
You are very agile. (Dex +4)
Your mind is acute. (Int +2)
Armour fits poorly on your strangely shaped body.
You have an increased reservoir of magic. (+10% MP)
Potions are less effective at restoring your health.
Your spells are a little easier to cast, but a little less powerful.


Message History

The sixfirhy hits you! The sixfirhy shocks you!
The sixfirhy hits you but does no damage.
The sixfirhy hits you! The sixfirhy shocks you!
The orc warrior hits you with a hand axe!
* * * LOW HITPOINT WARNING * * *
The orc high priest is struck by your spines.
The orc high priest hits you but does no damage.
The sixfirhy hits you.
* * * LOW HITPOINT WARNING * * *
The sixfirhy shocks you!
* * * LOW HITPOINT WARNING * * *
The orc high priest hits you from afar with a glaive of freezing!
* * * LOW HITPOINT WARNING * * *
The orc high priest freezes you.
* * * LOW HITPOINT WARNING * * *
The ice devil hits you.
* * * LOW HITPOINT WARNING * * *
The ice devil freezes you!
You die...
Xom thinks this is hilarious!

### ##....# ##.#......#......##
#.## #...))###.###............##
...#####<....#...###..........###
...##.#......#..#####........#.#.
..........#.#..###.#####....#....
...........#.####o..###..........
#......#.....###.....###.........
##..........###.#o4o#. ##...#....
#..........###.4@ooo.. ##....#..
##....#...###...#3#o#. ##......
##......###..)##ooo ##.....
##....###...##


o#oo# ##.... ##..###...## ###.4 ##... ##.####.#.## #. ##.. ##..###...## ##.
#....###.#.## ##.. ##...).###.).## ##..) You could see 3 orc knights, 3 orc high
priests, an ice devil, 2 rust devils, a sixfirhy, 2 orc sorcerers, 2 orc
warriors and 3 orc priests.

Vanquished Creatures
  Gastronok (Orc:1)
  A stone giant (Orc:1)
  2 ettins
  Josephine (Orc:1)
  6 hydras
  A centaur warrior (D:13)
  5 vault guards (D:13)
  2 tengu warriors
  2 two-headed ogres
  Sonja (D:13)
  A fire crab (Lair:1)
  A wolf spider zombie (D:13)
  Pikel (D:6)
  An orc sorcerer (Orc:2)
  An orc knight (Orc:2)
  A stone giant zombie (Orc:1)
  19 cyclopes
  A mana viper (shapeshifter) (Orc:1)
  An ugly thing (D:11)
  A manticore (D:11)
  2 ice statues (IceCv)
  5 elephants (Lair:5)
  2 black mambas
  A torpor snail (Lair:5)
  2 rime drakes
  8 spiny frogs
  5 komodo dragons
  A tengu conjurer (D:13)
  A kobold demonologist (D:13)
  19 polar bears
  4 trolls
  7 hornets
  5 slime creatures
  8 blink frogs
  10 hippogriffs
  12 spriggans (Lair:6)
  38 yaks
  4 wraiths (Orc:1)
  A shadow (D:11)
  A wyvern (Lair:1)
  A hog (Lair:6)
  2 chaos spawn (Orc:2)
  2 basilisks
  A hungry ghost (D:10)
  6 wargs
  2 soldier ants (D:8)
  13 water moccasins
  6 porcupines
  3 black bears
  5 ice beasts
  2 eyes of draining
  24 orc warriors
  2 necrophages
  4 phantoms
  4 sky beasts
  A slave (D:7)
  4 boggarts (Lair:6)
  A boggart (shapeshifter) (IceCv)
  4 centaurs
  35 wolves
  15 ogres
  7 crocodiles
  The ghost of Mercurio the Caller, an amateur OpSu (D:3)
  A big kobold (D:9)
  13 bullfrogs
  A cyclops zombie (Orc:1)
  5 scorpions
  A water moccasin skeleton (D:5)
  20 killer bees
  11 wights
  4 crimson imps
  3 howler monkeys (D:11)
  A quasit (D:11)
  A bullfrog zombie (D:5)
  3 centaur skeletons
  2 hounds
  6 jellies
  28 orc priests
  24 orc wizards
  3 iguanas
  2 bullfrog skeletons
  Natasha (thrice) (D:2)
  14 worker ants
  A hound zombie (D:7)
  A hound skeleton (D:9)
  11 adders
  4 shadow imps
  12 white imps (Lair:4)
  An ooze (D:4)
  An adder skeleton (D:4)
  5 worms
  A dart slug (D:1)
  5 leopard geckos
  99 orcs
  8 bats
  7 giant cockroaches
  6 goblins
  2 hobgoblins (D:2)
  15 jackals
  8 kobolds
  3 quokkas
  2 ball pythons
  4 frilled lizards
  A jackal skeleton (D:8)
  A leopard gecko skeleton (D:7)
  2 leopard gecko zombies
  6 rats
  A fungus (Lair:5)
684 creatures vanquished.

Vanquished Creatures (collateral kills)
  3 vault guards (D:13)
  A shock serpent (D:13)
  An unseen horror (D:13)
  A slime creature (D:13)
  4 vampire mosquitoes (D:13)
  An orc warrior (Orc:2)
  A crocodile (D:13)
  4 wights (D:8)
  An orc wizard (D:7)
  An iguana (D:9)
  5 orcs
23 creatures vanquished.

Vanquished Creatures (others)
  A dancing weapon (D:13)
  A basilisk (Lair:2)
  2 slaves (D:7)
  2 scorpions
  3 orcs
  A jackal (D:7)
  3 fungi
  5 plants (D:11)
18 creatures vanquished.

Grand Total: 725 creatures vanquished

Notes
Turn   | Place    | Note
-------+----------+-------------------------------------------
     0 | D:1      | Jannitor the Demonspawn Enchanter began the quest for the Orb.
     0 | D:1      | Reached XP level 1. HP: 13/13 MP: 3/3
    22 | D:1      | Reached skill level 1 in Short Blades
   423 | D:1      | Gained mutation: You are partially covered in sharp spines. [demonic ancestry]
   423 | D:1      | Reached XP level 2. HP: 19/19 MP: 5/5
   918 | D:2      | Learned a level 2 spell: Ensorcelled Hibernation
  1575 | D:2      | Gained mutation: You are slightly more attuned to the shadows. [demonic ancestry]
  1575 | D:2      | Reached XP level 3. HP: 25/25 MP: 3/6
  1581 | D:2      | Learned a level 3 spell: Confuse
  1604 | D:2      | Reached skill level 1 in Fighting
  1884 | D:2      | Noticed Natasha
  1887 | D:2      | Killed Natasha
  1887 | D:2      | Gained mutation: You are partially covered in rugged brown scales. (AC +1, +3% HP) [demonic ancestry]
  1887 | D:2      | Reached XP level 4. HP: 26/32 MP: 7/7
  1988 | D:2      | Noticed Natasha
  2084 | D:2      | Killed Natasha
  2114 | D:2      | Noticed Natasha
  2125 | D:2      | Killed Natasha
  2261 | D:3      | Reached skill level 2 in Fighting
  2261 | D:3      | Reached XP level 5. HP: 39/39 MP: 5/8
  2329 | D:3      | Noticed Mercurio's ghost (amateur OpSu)
  2580 | D:3      | Killed Mercurio's ghost
  2656 | D:3      | Found an ornate altar of the Wu Jian Council.
  2656 | D:3      | Found a deep blue altar of Sif Muna.
  2802 | D:3      | Gained mutation: You are mostly covered in rugged brown scales. (AC +2, +5% HP) [demonic ancestry]
  2802 | D:3      | Reached XP level 6. HP: 40/48 MP: 9/9
  2844 | D:3      | Learned a level 3 spell: Mephitic Cloud
  2878 | D:3      | Reached skill level 1 in Ice Magic
  3149 | D:4      | Found an ancient bone altar of Kikubaaqudgha.
  3158 | D:4      | Found Zoarick's General Store.
  3165 | D:4      | Bought a scroll of teleportation for 39 gold pieces
  3165 | D:4      | Bought a potion of might for 52 gold pieces
  3887 | D:5      | Entered Level 5 of the Dungeon
  3932 | D:5      | Reached skill level 3 in Fighting
  4029 | D:5      | Noticed a sky beast
  4031 | D:5      | Killed a sky beast
  4031 | D:5      | Reached XP level 7. HP: 54/54 MP: 10/10
  4202 | D:5      | Reached skill level 5 in Hexes
  4343 | D:5      | Reached skill level 5 in Stealth
  4797 | D:5      | Reached skill level 4 in Fighting
  4853 | D:5      | Gained mutation: You have sharp fingernails. [demonic ancestry]
  4853 | D:5      | Reached XP level 8. HP: 59/63 MP: 8/11
  5942 | D:6      | Found a radiant altar of Vehumet.
  6119 | D:6      | Found a staircase to the Ecumenical Temple.
  6277 | D:6      | Reached skill level 5 in Fighting
  6319 | D:6      | Reached skill level 1 in Armour
  6337 | D:6      | Reached skill level 5 in Short Blades
  6350 | D:6      | Learned a level 1 spell: Confusing Touch
  6704 | D:6      | Gained mutation: You have very sharp fingernails. [demonic ancestry]
  6704 | D:6      | Reached XP level 9. HP: 71/71 MP: 9/12
  7318 | Temple   | Entered the Ecumenical Temple
  7510 | Temple   | Became a worshipper of Xom of Chaos
  7517 | Temple   | XOM: harmless Hex miscast
  7567 | D:6      | XOM: scenery: create altars
  7582 | D:7      | Noticed Pikel
  7594 | D:6      | XOM: summons 9 friendly demons
  7597 | D:6      | Killed Pikel
  7636 | D:7      | Reached skill level 6 in Fighting
  7734 | D:7      | Found Pifiown's Elemental Accessories.
  7749 | D:7      | XOM: fog
  7757 | D:7      | XOM: stat loss: -1 Dex (12/13)
  7773 | D:7      | XOM: potion effect (invisibility)
  7867 | D:7      | XOM: divination: detect items
  8018 | D:7      | XOM: silly message
  8029 | D:7      | Reached skill level 1 in Poison Magic
  8105 | D:7      | Found a sparkling altar of Nemelex Xobeh.
  8106 | D:7      | Found an opulent altar of Gozag.
  8289 | D:7      | XOM: potion effect (invisibility)
  8440 | D:7      | XOM: mild Chrm miscast
  8502 | D:6      | Learned a level 3 spell: Tukima's Dance
  8671 | D:7      | XOM: divination: detect items
  8705 | D:8      | Reached skill level 1 in Air Magic
  8851 | D:7      | Reached XP level 10. HP: 63/80 MP: 14/14
  8910 | D:7      | XOM: scenery: create altars
  9288 | D:8      | XOM: silly message
  9488 | D:8      | XOM: mild Fire miscast
  9684 | D:8      | Found a shadowy altar of Dithmenos.
  9750 | D:8      | Noticed a two-headed ogre
  9754 | D:8      | XOM: enchant monster (bad)
  9769 | D:8      | XOM: scenery: create altars
 10062 | D:7      | XOM: mild Pois miscast
 10087 | D:8      | Killed a two-headed ogre
 10091 | D:8      | XOM: mild Chrm miscast
 10407 | D:8      | XOM: harmless Pois miscast
 10628 | D:9      | Reached skill level 7 in Fighting
 10632 | D:9      | XOM: harmless Tloc miscast
 10646 | D:9      | XOM: potion effect (haste)
 10668 | D:9      | XOM: harmless Chrm miscast
 10760 | D:9      | Found a staircase to the Orcish Mines.
 10980 | D:9      | Identified the +11 rapier of the Sun {flame, rN++ Str-4} (You found it on level 9 of the Dungeon)
 11027 | D:9      | XOM: silly message
 11050 | D:9      | XOM: divination: detect items
 11052 | D:9      | XOM: potion effect (invisibility)
 11061 | D:9      | XOM: potion effect (agility)
 11728 | D:9      | XOM is BORED!
 11728 | D:9      | XOM: mild Hex miscast
 11891 | D:9      | Found a roughly hewn altar of Beogh.
 11897 | D:9      | XOM: summons 4 hostile demons
 12097 | D:9      | XOM: noise
 12164 | D:9      | XOM: silly message
 12241 | D:9      | XOM: harmless Erth miscast
 12281 | D:10     | Entered Level 10 of the Dungeon
 12349 | D:10     | XOM: harmless Fire miscast
 12363 | D:10     | XOM: potion effect (agility)
 12373 | D:10     | XOM: potion effect (invisibility)
 12375 | D:10     | XOM: harmless Ice miscast
 12378 | D:10     | Gained mutation: You are significantly more attuned to the shadows. [demonic ancestry]
 12378 | D:10     | Reached XP level 11. HP: 43/88 MP: 17/17
 12581 | D:10     | XOM: harmless Hex miscast
 12714 | D:10     | XOM: harmless Fire miscast
 12743 | D:10     | XOM: harmless Tmut miscast
 12823 | D:10     | XOM: divination: detect items
 12992 | D:10     | XOM: silly message
 13226 | D:10     | XOM: harmless Tmut miscast
 13315 | D:10     | Found a shattered altar of Ashenzari.
 13317 | D:10     | Saw a vision of the Shoals and the Snake Pit.
 13317 | D:10     | Noticed a naga sharpshooter
 13317 | D:10     | Noticed a mana viper
 13319 | D:10     | Noticed an anaconda
 13321 | D:10     | Noticed a shock serpent
 13321 | D:10     | Noticed a shock serpent
 13443 | D:10     | XOM: harmless Ice miscast
 13452 | D:11     | XOM: confuse monster(s)
 13456 | D:11     | Reached skill level 1 in Conjurations
 13559 | D:11     | Found a staircase to the Lair.
 13753 | D:11     | XOM: confuse monster(s)
 13764 | D:11     | Reached skill level 5 in Armour
 13860 | D:11     | Noticed an eight-headed hydra
 13865 | D:11     | HP: 2/88 [eight-headed hydra (10)]
 14143 | D:11     | XOM: give mutation
 14143 | D:11     | Gained mutation: You occasionally shout uncontrollably at your foes. [Xom's mischief]
 14155 | D:11     | Noticed a cyan ugly thing
 14166 | D:11     | Killed a cyan ugly thing
 14325 | D:11     | Killed an eight-headed hydra
 14375 | D:11     | XOM: harmless Erth miscast
 14477 | D:11     | Found a shimmering altar of Xom.
 14724 | D:12     | Noticed a tengu warrior
 14740 | D:12     | Killed a tengu warrior
 15049 | D:12     | Reached skill level 5 in Spellcasting
 15346 | D:12     | Reached skill level 8 in Fighting
 15508 | D:12     | Noticed Harold
 15636 | D:11     | XOM: medium Pois miscast
 15913 | D:12     | XOM: harmless Air miscast
 16179 | Lair:1   | Entered Level 1 of the Lair of Beasts
 16239 | Lair:1   | Noticed a fire crab
 16239 | Lair:1   | a yak changed into a fire crab
 16239 | Lair:1   | XOM: polymorph yak -> fire crab
 16249 | Lair:1   | Killed a fire crab
 16339 | Lair:1   | XOM: summons 2 friendly demons
 16353 | Lair:1   | Reached XP level 12. HP: 81/96 MP: 17/19
 16471 | Lair:1   | XOM: harmless Tloc miscast
 16474 | Lair:1   | XOM: confuse monster(s)
 16569 | Lair:1   | XOM: noise
 16627 | Lair:1   | You fall through a shaft!
 16713 | Lair:2   | XOM: god gift: 18 gold pieces
 16802 | Lair:2   | XOM: enchant monster (good)
 16803 | Lair:2   | Noticed a four-headed hydra
 16836 | Lair:2   | XOM: enchant monster (good)
 16894 | Lair:2   | XOM: destruction
 16909 | Lair:2   | Killed a four-headed hydra
 17047 | Lair:2   | XOM is BORED!
 17047 | Lair:2   | XOM: give mutations
 17047 | Lair:2   | Gained mutation: You are weak. (Str -2) [Xom's mischief]
 17047 | Lair:2   | Gained mutation: Scrolls take you a little longer to read. [Xom's mischief]
 17047 | Lair:2   | Gained mutation: You sometimes yell uncontrollably at your foes. [Xom's mischief]
 17047 | Lair:2   | Gained mutation: Armour fits poorly on your strangely shaped body. [Xom's mischief]
 17049 | Lair:2   | Lost mutation: Armour fits poorly on your strangely shaped body. [potion of mutation]
 17049 | Lair:2   | Lost mutation: You are weak. (Str -2) [potion of mutation]
 17049 | Lair:2   | Gained mutation: Potions are less effective at restoring your health. [potion of mutation]
 17049 | Lair:2   | Gained mutation: Your muscles are strong. (Str +2) [potion of mutation]
 17049 | Lair:2   | Gained mutation: You tend to lose your temper in combat. [potion of mutation]
 17049 | Lair:2   | Gained mutation: You have an increased reservoir of magic. (+10% MP) [potion of mutation]
 17270 | Lair:1   | Noticed an eight-headed hydra
 17274 | Lair:1   | XOM: confuse monster(s)
 17278 | Lair:1   | XOM: potion effect (magic)
 17281 | Lair:1   | Killed an eight-headed hydra
 17401 | Lair:1   | XOM: 2-stop teleportation journey
 17505 | Lair:1   | XOM: god gift: scimitar {god gift}
 17508 | Lair:1   | XOM: summons 6 hostile demons
 17724 | Lair:2   | Found a staircase to the Snake Pit.
 17776 | Lair:2   | XOM: divine lightning
 18046 | Lair:2   | XOM: fog
 18608 | Lair:3   | Found a staircase to the Shoals.
 18705 | Lair:3   | Identified Xom's Almanac of the Tundras (Xom gifted it to you on level 3 of the Lair of Beasts)
 18705 | Lair:3   | XOM: god gift: Xom's Almanac of the Tundras
 18713 | Lair:3   | Learned a level 5 spell: Summon Forest
 18746 | Lair:3   | XOM: divination: detect items
 19035 | Lair:4   | Found a frozen archway.
 19099 | Lair:4   | XOM: give mutations
 19099 | Lair:4   | Gained mutation: You have a pair of small horns on your head. [Xom's grace]
 19099 | Lair:4   | Gained mutation: You are agile. (Dex +2) [Xom's grace]
 19112 | Lair:4   | XOM: harmless Chrm miscast
 19208 | IceCv    | Entered an ice cave
 19223 | IceCv    | Reached skill level 1 in Summonings
 19276 | IceCv    | XOM: confusion (+ monsters)
 19294 | IceCv    | Reached skill level 1 in Translocations
 19788 | IceCv    | XOM: summons friendly ufetubus
 20099 | IceCv    | XOM: mild Conj miscast
 20105 | IceCv    | XOM: cloud trail
 20619 | IceCv    | XOM: confusion (+ monsters)
 20831 | IceCv    | XOM: divination: detect items
 20896 | IceCv    | Reached skill level 9 in Fighting
 21082 | IceCv    | XOM: enchant monster (bad)
 21268 | IceCv    | Lost mutation: Scrolls take you a little longer to read. [potion of mutation]
 21268 | IceCv    | Lost mutation: You tend to lose your temper in combat. [potion of mutation]
 21268 | IceCv    | Lost mutation: You sometimes yell uncontrollably at your foes. [potion of mutation]
 21268 | IceCv    | Gained mutation: You are resistant to hostile enchantments. (MR+) [potion of mutation]
 21386 | IceCv    | Gained mutation: You are completely covered in rugged brown scales. (AC +3, +7% HP) [demonic ancestry]
 21386 | IceCv    | Reached XP level 13. HP: 76/108 MP: 21/24
 21398 | IceCv    | Noticed a frost giant
 21404 | IceCv    | XOM: butterfly on damage
 21666 | IceCv    | XOM: cloud trail
 21798 | IceCv    | XOM: polymorph wolf -> howler monkey
 21823 | IceCv    | XOM: butterfly on damage
 21823 | IceCv    | HP: 3/108 [frost giant/glaive of freezing (16)]
 22376 | IceCv    | XOM: butterfly on damage
 22433 | IceCv    | XOM: scenery: create altars
 22442 | IceCv    | XOM: torment (36/108 hp)
 22517 | IceCv    | XOM: divination: detect items
 22601 | IceCv    | XOM: god gift: wand of iceblast (6)
 22729 | IceCv    | XOM: give mutations
 22729 | IceCv    | Gained mutation: Your spells are a little harder to cast, but a little more powerful. [Xom's grace]
 22729 | IceCv    | Gained mutation: You have a pair of horns on your head. [Xom's grace]
 22806 | IceCv    | XOM: cloud trail
 22810 | IceCv    | XOM: summons 2 friendly demons
 22916 | IceCv    | XOM: 1-stop teleportation journey
 23068 | IceCv    | XOM: 1-stop teleportation journey
 23558 | Lair:4   | XOM: divination: magic mapping
 23758 | Lair:4   | XOM: give mutations
 23758 | Lair:4   | Gained mutation: You have large cloven feet. [Xom's grace]
 23758 | Lair:4   | Gained mutation: You passively map a small area around you. [Xom's grace]
 23758 | Lair:4   | Gained mutation: You have supernaturally acute eyesight. (SInv) [Xom's grace]
 23914 | Lair:5   | XOM: stealth player
 23988 | Lair:5   | Reached skill level 5 in Dodging
 23990 | Lair:5   | XOM: summons friendly crimson imp
 24014 | Lair:5   | XOM: 3-stop teleportation journey
 24231 | Lair:5   | XOM: god gift: 42 gold pieces
 24554 | D:4      | Bought the ring of Shadows {Umbra +Inv Stlth+} for 520 gold pieces
 24554 | D:4      | Found the ring of Shadows {Umbra +Inv Stlth+}
 24626 | D:6      | XOM: god gift: plate armour {god gift}
 24985 | Lair:5   | XOM: 6-stop teleportation journey
 24986 | Lair:5   | Found a staircase to the Slime Pits.
 24998 | Lair:5   | Reached skill level 1 in Evocations
 25373 | Lair:5   | XOM: cast spell 'Leda's Liquefaction'
 25429 | Lair:5   | XOM: cast spell 'Alistair's Intoxication'
 25434 | Lair:5   | XOM: confuse monster(s)
 25581 | Lair:5   | XOM: cloud trail
 25647 | Lair:6   | Entered Level 6 of the Lair of Beasts
 25651 | Lair:6   | XOM: enchant monster (good)
 26194 | Lair:6   | XOM: enchant monster (good)
 26201 | Lair:6   | XOM: polymorph boggart -> hound
 26231 | Lair:6   | XOM: cast spell 'Cause Fear'
 26241 | Lair:6   | XOM: cast spell 'Dispersal'
 26257 | Lair:6   | XOM: polymorph polar bear -> hog
 26701 | Lair:6   | Reached skill level 10 in Fighting
 26907 | Lair:6   | Reached skill level 1 in Shields
 27120 | Lair:6   | Reached skill level 5 in Summonings
 27145 | Lair:6   | XOM: give mutations
 27145 | Lair:6   | Gained mutation: You are very agile. (Dex +4) [Xom's grace]
 27145 | Lair:6   | Gained mutation: Your flesh is cold resistant. (rC+) [Xom's grace]
 27145 | Lair:6   | Gained mutation: Your mind is acute. (Int +2) [Xom's grace]
 27502 | D:12     | XOM: cloud trail
 27804 | D:13     | Found a gate to the Vaults.
 27812 | D:13     | XOM: destruction
 27816 | D:13     | XOM: cast spell 'Cause Fear'
 27839 | D:13     | Gained mutation: You have claws for hands. [demonic ancestry]
 27839 | D:13     | Reached XP level 14. HP: 59/117 MP: 21/26
 27842 | D:13     | XOM: summons 5 friendly demons
 27846 | D:13     | XOM: blink monster(s)
 28244 | D:13     | XOM: harmless Ice miscast
 28298 | D:13     | XOM: polymorph two-headed ogre -> shock serpent
 28299 | D:13     | XOM: butterfly on damage
 28400 | D:12     | XOM: scenery: 1 doors close
 28464 | D:12     | XOM: god gift: ration
 28661 | D:12     | XOM: 5-stop teleportation journey
 28716 | D:13     | XOM: potion effect (haste)
 28740 | D:13     | XOM: silly message
 28780 | D:13     | Learned a level 1 spell: Apportation
 28873 | D:13     | XOM: god gift: 20 gold pieces
 28930 | D:13     | XOM: cast spell 'Metabolic Englaciation'
 28931 | D:13     | XOM: potion effect (brilliance)
 29260 | D:13     | Reached skill level 5 in Evocations
 29307 | D:13     | Noticed Sonja
 29317 | D:13     | XOM: blink monster(s)
 29318 | D:13     | Killed Sonja
 29318 | D:13     | Reached skill level 10 in Short Blades
 29348 | D:13     | XOM: silly message
 29399 | D:13     | XOM: give mutations
 29399 | D:13     | Lost mutation: You have a pair of horns on your head. [Xom's mischief]
 29399 | D:13     | Lost mutation: You occasionally shout uncontrollably at your foes. [Xom's mischief]
 29399 | D:13     | Lost mutation: Your muscles are strong. (Str +2) [Xom's mischief]
 29821 | Orc:1    | Entered Level 1 of the Orcish Mines
 29846 | Orc:1    | XOM: harmless Pois miscast
 29854 | Orc:1    | XOM: swap monsters
 29878 | Orc:1    | XOM: enchant monster (good)
 29881 | Orc:1    | XOM: confuse monster(s)
 30056 | Orc:1    | Noticed Gastronok
 30063 | Orc:1    | Killed Gastronok
 30139 | Orc:1    | XOM is BORED!
 30139 | Orc:1    | XOM: mild Conj miscast
 30247 | Orc:1    | XOM: stat loss: -1 Dex (16/17)
 30254 | Orc:1    | Noticed Josephine
 30295 | Orc:1    | XOM: smoke on damage
 30300 | Orc:1    | Killed Josephine
 30325 | Orc:1    | XOM: fake destruction
 30369 | Orc:1    | XOM: noise
 30672 | Orc:1    | XOM: draining
 30810 | Orc:1    | Reached skill level 11 in Fighting
 30865 | Orc:1    | XOM: polymorph cyclops -> mana viper
 30901 | Orc:1    | XOM: enchant monster (bad)
 30907 | Orc:1    | XOM: confuse monster(s)
 30973 | Orc:1    | Noticed a stone giant
 31243 | Orc:1    | XOM: noise
 31720 | Orc:1    | Got a brightly glowing hand crossbow
 31721 | Orc:1    | Identified the +5 hand crossbow of the Absolute Madman {flame, +Fly rC++ rN+ Dex-2} (You took it off an orc priest on level 1 of the Orcish Mines)
 31744 | Orc:1    | XOM: summons 14 friendly demons
 31890 | Orc:1    | XOM: give mutations
 31890 | Orc:1    | Lost mutation: Your flesh is cold resistant. (rC+) [Xom's mischief]
 31890 | Orc:1    | Lost mutation: Your spells are a little harder to cast, but a little more powerful. [Xom's mischief]
 31890 | Orc:1    | Lost mutation: Your mind is acute. (Int +2) [Xom's mischief]
 31890 | Orc:1    | Lost mutation: You passively map a small area around you. [Xom's mischief]
 31911 | Orc:1    | XOM: potion effect (agility)
 31969 | Orc:1    | Killed a stone giant
 32052 | Orc:1    | XOM: give mutations
 32052 | Orc:1    | Gained mutation: Your spells are a little easier to cast, but a little less powerful. [Xom's mischief]
 32052 | Orc:1    | Gained mutation: Your mind is acute. (Int +2) [Xom's mischief]
 32052 | Orc:1    | Gained mutation: Armour fits poorly on your strangely shaped body. [Xom's mischief]
 32052 | Orc:1    | Lost mutation: You are resistant to hostile enchantments. (MR+) [Xom's mischief]
 32054 | Orc:2    | Entered Level 2 of the Orcish Mines
 32199 | Orc:1    | Found a deep blue altar of Sif Muna.
 32219 | Orc:1    | Identified Sif Muna's Tome of Protection
 32310 | Orc:2    | Found a staircase to the Elven Halls.
 32423 | Orc:2    | XOM: silly message
 32434 | Orc:2    | Found Jopistis's Food Shop.
 32593 | Orc:2    | Found Ryf Hol's Distillery.
 32652 | Orc:2    | XOM: harmless Tmut miscast
 32745 | Orc:2    | Bought a potion of haste for 180 gold pieces
 32745 | Orc:2    | Bought a potion of brilliance for 72 gold pieces
 32960 | Orc:2    | Reached skill level 5 in Shields
 33067 | Orc:2    | Reached XP level 15. HP: 127/127 MP: 27/27
 33117 | Orc:2    | XOM: summons 2 hostile demons
 33265 | Orc:2    | Paralysed by an orc sorcerer for 7 turns
 33269 | Orc:2    | Mangled by an ice devil

Skill      XL: |  1  2  3  4  5  6  7  8  9 10 11 12 13 14 |
---------------+-------------------------------------------+-----
Short Blades   | 1 2 3 4 5 6 7 8 9 10 | 10.6
Stealth        | 3 4 5 6 7 8 9 |  9.8
Fighting       | 1 2 3 4 5 6 7 8 9 10 11 | 11.3
Hexes          | 4 5 6 7 8 9 |  9.4
Ice Magic      | 1 |  1.6
Armour         | 1 3 4 5 6 |  6.2
Poison Magic   | 1 3 |  3.4
Air Magic      | 1 3 |  3.4
Spellcasting   | 4 5 6 |  6.6
Conjurations   | 3 4 |  4.3
Dodging        | 3 4 5 |  5.1
Summonings     | 2 5 7 |  7.5
Translocations | 2 |  2.7
Evocations     | 4 6 |  6.6
Shields        | 2 5 |  5.0

Action                   |  1- 3 |  4- 6 |  7- 9 | 10-12 | 13-15 || total
-------------------------+-------+-------+-------+-------+-------++-------
Melee: Dagger            |    88 |    94 |   330 |   158 |       ||   670
       Rapier            |       |       |       |   517 |   756 ||  1273
       Headbutt          |       |       |       |    15 |   145 ||   160
Throw: Throwing net      |       |       |       |       |     1 ||     1
 Cast: Ensorcelled Hiber |     6 |     6 |    29 |     5 |    17 ||    63
       Confuse           |       |    10 |    19 |    38 |    18 ||    85
       Tukima's Dance    |       |       |     1 |    13 |    11 ||    25
       Mephitic Cloud    |       |       |       |    10 |    39 ||    49
       Apportation       |       |       |       |       |     1 ||     1
       Summon Forest     |       |       |       |       |     1 ||     1
 Abil: Evoke Flight      |       |       |       |       |     2 ||     2
       Evoke Invisibilit |       |       |       |       |    12 ||    12
Evoke: Wand              |       |       |       |    54 |     1 ||    55
       Phial of floods   |       |       |       |       |     1 ||     1
  Use: Scroll            |       |       |    12 |    15 |    11 ||    38
       Potion            |       |       |     4 |     4 |     1 ||     9
 Stab: Sleeping          |    15 |    16 |    27 |    41 |    38 ||   137
       Confused          |       |     5 |     9 |    33 |    30 ||    77
       Distracted        |       |       |     2 |     3 |     6 ||    11
       Invisible         |       |       |     3 |     6 |    19 ||    28
       Fleeing           |       |       |       |       |     1 ||     1
       Held in net/web   |       |       |       |       |     1 ||     1
       Paralysed         |       |       |       |       |     1 ||     1
  Eat: Ration            |     1 |     1 |     2 |     7 |     3 ||    14
       Chunk             |       |     5 |    13 |    19 |    32 ||    69
Armor: Robe              |    20 |     9 |       |       |       ||    29
       Leather armour    |       |     7 |    81 |   191 |   106 ||   385
Dodge: Dodged            |    62 |    49 |   105 |   349 |   402 ||   967
Block: Buckler           |       |       |       |       |   121 ||   121
